 Dungeon Crawl Stone Soup version 0.29.1-4-g47bece8355 (webtiles) character file.

Game seed: 6479207213538841645

272 Gabide the Charlatan (level 6, 0/44 HPs)
             Began as a Human Artificer on Dec 6, 2022.
             Was an Initiate of Gozag.
             Slain by a river rat (4 damage)
             ... on level 4 of the Dungeon.
             The game lasted 00:06:52 (4247 turns).

Gabide the Charlatan (Human Artificer)              Turns: 4247, Time: 00:06:52

Health: 0/44       AC: 12    Str: 15    XL:     6   Next: 48%
Magic:  6/6        EV:  7    Int: 11    God:    Gozag
Gold:   47         SH:  0    Dex: 13    Spells: 5/5 levels left

rFire   . . .      SeeInvis .   a - +1 dagger (vamp)
rCold   . . .      Faith    .   (no shield)
rNeg    . . .      Spirit   .   o - +2 chain mail {Will+}
rPois   .          Reflect  .   (no helmet)
rElec   .          Harm     .   (no cloak)
rCorr   .          Rampage  .   (no gloves)
Will    +....                   t - +0 pair of boots
Stlth   ..........              (no amulet)
HPRegen 0.14/turn               (no ring)
MPRegen 0.10/turn               (no ring)

@: gold aura
A: no striking features
a: Renounce Religion, Potion Petition, Call Merchant, Bribe Branch


You were on level 4 of the Dungeon.
You worshipped Gozag.
Gozag was noncommittal.
You visited 2 branches of the dungeon, and saw 5 of its levels.

You collected 132 gold pieces.
You paid 85 gold pieces to Gozag.

Inventory:

Hand Weapons
 a - a +1 vampiric dagger (weapon)
Missiles
 b - 5 boomerangs
 g - 2 poisoned darts
Armour
 o - a +2 chain mail of willpower (worn)
 t - a +0 pair of boots (worn)
Wands
 c - a wand of flame (14) (quivered)
 e - a wand of iceblast (3)
Scrolls
 h - 2 scrolls of blinking
 m - a scroll of immolation {unknown}
 n - a scroll of teleportation
 r - a scroll of noise {unknown}
 v - a scroll of enchant weapon {unknown}
 w - a scroll of brand weapon
Potions
 f - 2 potions of curing
 i - a potion of cancellation {unknown}
 k - a potion of haste {unknown}
 l - a potion of invisibility {unknown}
 p - 2 potions of flight
 q - 2 potions of might
 s - 2 potions of berserk rage
 u - a potion of lignification {unknown}
 x - a potion of brilliance {unknown}


   Skills:
 + Level 2.3 Fighting
 - Level 4.0 Armour
 + Level 2.3 Dodging
 - Level 1.0 Stealth
 + Level 2.3 Unarmed Combat
 - Level 4.0 Evocations


You had 5 spell levels left.
You didn't know any spells.
Your spell library contained the following spells:

 Spells                   Type           Power      Damage    Failure   Level
 Magic Dart               Conj           0%         1d3       100%        1
 Call Imp                 Summ           0%         N/A       100%        2
 Mephitic Cloud           Conj/Pois/Air  0%         N/A       100%        3


Dungeon Overview and Level Annotations

Branches:
Dungeon (4/15)             Temple (1/1) D:4

Altars:
Ashenzari
Cheibriados
Fedhas
Gozag
Hepliaklqana
Kikubaaqudgha
Makhleb
Nemelex Xobeh
Ru
Sif Muna
Trog
Uskayaw
Wu Jian
Xom
Yredelemnul
The Shining One

Annotations:
D:4 exclusion: oklob sapling


Message History

The river rat bites you but does no damage.
You hit the river rat but do no damage.
The river rat is severely wounded.
The river rat closely misses you.
You closely miss the river rat.
The river rat is severely wounded.
The river rat bites you but does no damage.
You hit the river rat but do no damage.
The river rat is severely wounded.
The river rat closely misses you.
You hit the river rat but do no damage.
The river rat is almost dead.
The river rat looks more healthy.
The river rat bites you but does no damage.
You closely miss the river rat. You punch the river rat.
You kill the river rat!
You closely miss the river rat.
The river rat bites you but does no damage.
You hit the river rat but do no damage.
The river rat bites you but does no damage.
You closely miss the river rat. The river rat completely misses you.
You closely miss the river rat. The river rat barely misses you.
You hit the river rat but do no damage. The river rat bites you.
You hit the river rat.
You feel better.
The river rat is moderately wounded.
The river rat bites you!
* * * LOW HITPOINT WARNING * * *
You hit the river rat but do no damage.
The river rat is moderately wounded.
The river rat is distracted by your dazzling golden aura.
You barely miss the river rat.
The river rat is no longer distracted by gold.
The river rat is moderately wounded.
The river rat bites you.
* * * LOW HITPOINT WARNING * * *
You closely miss the river rat.
The river rat is moderately wounded.
The river rat bites you.
You die...
Your body crumbles into a pile of gold.

..,*#..##..#*,,,,*
...##..##..##,,,,*
,...........+,,,,*
,,,*#.......#,,,,*
.,,*#......###+### **###*#**
..,*#..##..##....# *.....?,*
...##..##...#....###.#..~~~*
.......#....$...##.....~~~~*
.####..#....#...@r.....~~~~*
...*#..##..##...##....~~~~∩*
...###'##..##...##....####**
.......#..............#
.......#..?...........#
#######################


You could see a river rat.

Vanquished Creatures
  An ogre (D:3)
  A scorpion (D:4)
  An orc priest (D:3)
  2 adders (D:3)
  A river rat (D:4)
  A worm (D:3)
  2 dart slugs (D:3)
  4 orcs (D:3)
  6 ball pythons
  4 bats
  5 endoplasms
  4 giant cockroaches
  5 goblins
  7 hobgoblins
  4 jackals (D:2)
  8 kobolds
  A quokka (D:3)
  A frilled lizard (D:1)
  3 rats
61 creatures vanquished.

Vanquished Creatures (collateral kills)
  A dart slug (D:2)
  A bat (D:2)
  A rat (D:2)
3 creatures vanquished.

Vanquished Creatures (others)
  An adder (D:4)
  A dart slug (D:3)
  An endoplasm (D:2)
  A hobgoblin (D:2)
  11 plants (D:4)
15 creatures vanquished.

Grand Total: 79 creatures vanquished

Notes
Turn   | Place    | Note
-------+----------+-------------------------------------------
     0 | D:1      | Gabide the Human Artificer began the quest for the Orb.
     0 | D:1      | Reached XP level 1. HP: 15/15 MP: 1/1
   310 | D:1      | Reached XP level 2. HP: 9/21 MP: 2/2
   705 | D:1      | Reached skill level 1 in Unarmed Combat
  1031 | D:1      | Reached XP level 3. HP: 27/27 MP: 3/3
  1058 | D:1      | Found a faded altar of an unknown god.
  1480 | D:2      | HP: 1/27 [hobgoblin (4)]
  1813 | D:2      | Found a blossoming altar of Fedhas.
  2305 | D:3      | Reached XP level 4. HP: 31/33 MP: 4/4
  2399 | D:3      | Identified the +2 spear "Arcanum" {drain, rC+ rCorr}
  2800 | D:3      | Noticed an ogre
  2809 | D:3      | Killed an ogre
  2810 | D:3      | Reached XP level 5. HP: 38/38 MP: 5/5
  3105 | D:3      | Reached XP level 6. HP: 12/44 MP: 6/6
  3617 | D:4      | Found a staircase to the Ecumenical Temple.
  3640 | Temple   | Entered the Ecumenical Temple
  3640 | Temple   | Found a transporter.
  3640 | Temple   | Found a transporter.
  3820 | Temple   | Found a transporter.
  3820 | Temple   | Found a transporter.
  3839 | Temple   | Became a worshipper of Gozag Ym Sagoz the Greedy
  3872 | D:4      | HP: 2/44 [oklob sapling/splash of acid (25)]
  4187 | D:4      | Noticed a black bear
  4247 | D:4      | Slain by a river rat

Illustrated notes

Levels and vault maps discovered:
D:1:      dpeg_arrival_rhombus, layout_basic,
          hellmonk_ecumenical_altar_crossroads, minivault_24
D:2:      layout_rooms, basic_altar
D:3:      layout_loops_corners
D:4:      layout_gridville, gammafunk_temple_overflow_arena,
          jmf_multi_god_temple, minmay_temple_entry_oklob, portal_sewer_entry_b,
          roderic_cross_of_infinity, uniq_natasha
Temple:   hellmonk_temple_divided_pantheon

Skill      XL: |  1  2  3  4  5  6 |
---------------+-------------------+-----
Unarmed Combat | 1 2 |  2.3
Fighting       | 2 |  2.3
Dodging        | 2 |  2.3
Armour         | 3 4 |  4.0
Evocations     | 4 |  4.0
Stealth        | |  1.0

Action                   |  1- 3 |  4- 6 || total
-------------------------+-------+-------++-------
Melee: Whip              |    90 |       ||    90
       Punch             |     4 |     8 ||    12
       Dagger            |    46 |   229 ||   275
       Mace              |    21 |       ||    21
       Falchion          |     6 |       ||     6
Throw: Dart              |       |     5 ||     5
Evoke: Wand              |     5 |    13 ||    18
  Use: Scroll            |       |     8 ||     8
 Stab: Sleeping          |     2 |       ||     2
Armor: Leather armour    |    32 |       ||    32
       Chain mail        |    76 |    94 ||   170
Dodge: Dodged            |    82 |    55 ||   137
